 Dungeon Crawl Stone Soup version 0.32-a0-39-g5c88369fb2 (webtiles) character file.

Game seed: 12896528452782341702

120276 nfkdngbenrn the Tortoise (level 16, -11/151 HPs)
             Began as a Minotaur Fighter on Feb 4, 2024.
             Was the Champion of Okawaru.
             Mangled by an emperor scorpion simulacrum (31 damage)
             ... on level 1 of the Spider Nest.
             The game lasted 00:49:32 (23642 turns).

nfkdngbenrn the Tortoise (Minotaur Fighter)        Turns: 23642, Time: 00:49:32

Health: -11/151    AC: 21    Str: 29    XL:     16   Next: 6%
Magic:  24/24      EV: 17    Int:  5    God:    Okawaru [******]
Gold:   4397       SH: 13    Dex: 13    Spells: 15/15 levels left

rFire   . . .        l - +7 war axe of Flawed Execution {venom, rN++ Will+ MP+9}
rCold   . . .        g - +0 kite shield
rNeg    + + .        T - +4 ring mail of the Beggar {rCorr Dex+3}
rPois   +            n - +2 hat
rElec   .            w - +1 cloak
rCorr   +            (no gloves)
SInv    .            k - +2 pair of boots
Will    ++...        U - amulet of regeneration
Stlth   +            L - +4 ring of slaying
HPRegen 2.05/turn    Q - ring of poison resistance
MPRegen 0.19/turn

%: no passive effects
@: about to teleport, slowed, unable to read, very slow
A: horns 2, retaliatory headbutt, regeneration 1, inability to read after injury
1
a: Renounce Religion, Heroism, Finesse, Duel, Receive Weapon, Receive Armour


You were on level 1 of the Spider Nest.
You worshipped Okawaru.
Okawaru was exalted by your worship.
You visited 5 branches of the dungeon, and saw 24 of its levels.
You also visited: Ossuary and Gauntlet.

You collected 4397 gold pieces.

Inventory:

Hand Weapons
 b - a +0 broad axe of flaming
 l - the +7 war axe of Flawed Execution (weapon) {venom, rN++ Will+ MP+9}
   (You found it on level 9 of the Dungeon)

   rN++:      It greatly protects you from negative energy.
   Will+:     It increases your willpower.
   MP+9:      It affects your magic capacity (+9).
Missiles
 x - 2 throwing nets (quivered)
Armour
 g - a +0 kite shield (worn)
 j - a +2 ring mail of cold resistance
 k - a +2 pair of boots (worn)
 n - a +2 hat (worn)
 w - a +1 cloak (worn)
 C - the +2 chain mail of the Apprentice {rF+ rC+ Int-5 Dex+5}
   (You found it on level 6 of the Dungeon)

   Int-5:     It affects your intelligence (-5).
   Dex+5:     It affects your dexterity (+5).
   rF+:       It protects you from fire.
   rC+:       It protects you from cold.
 P - a +0 cloak of stealth
 T - the +4 ring mail of the Beggar (worn) {rCorr Dex+3}
   (You found it on level 1 of the Spider Nest)

   Dex+3:     It affects your dexterity (+3).
   rCorr:     It protects you from acid and corrosion.
Jewellery
 e - a ring of see invisible
 t - a ring of flight
 z - a ring of protection from cold
 B - a ring of protection from cold
 J - a ring of fire
 K - a +4 ring of slaying
 L - a +4 ring of slaying (left hand)
 Q - a ring of poison resistance (right hand)
 U - an amulet of regeneration (around neck)
Wands
 c - a wand of mindburst (7)
 s - a wand of flame (53)
 y - a wand of roots (11)
 E - a wand of light (21)
 M - a wand of paralysis (15)
 N - a wand of polymorph (17)
 O - a wand of digging (7)
Scrolls
 a - 8 scrolls of identify
 h - 6 scrolls of immolation
 p - a scroll of blinking
 A - 4 scrolls of fear
 D - 6 scrolls of teleportation
 G - 2 scrolls of fog
 I - 2 scrolls of silence
 S - a scroll of enchant weapon
 V - a scroll of brand weapon
Potions
 d - 4 potions of might
 f - 4 potions of invisibility
 i - a potion of berserk rage
 m - 4 potions of ambrosia
 o - 9 potions of attraction
 q - a potion of heal wounds
 r - 2 potions of lignification
 u - 2 potions of curing
 v - 3 potions of magic
 F - 2 potions of resistance
 H - 4 potions of enlightenment
 R - 2 potions of mutation


   Skills:
 + Level 16.1 Fighting
 + Level 15.9 Axes
 + Level 16.1 Armour
 + Level 14.4 Dodging
 + Level 16.0 Shields


You had 15 spell levels left.
You didn't know any spells.
Your spell library contained the following spells:

 Spells                   Type           Power      Damage    Failure   Level
 Foxfire                  Conj/Fire      0%         2x1d4     67%         1
 Kiss of Death            Conj/Necr      0%         2d5       67%         1
 Slow                     Hex            0%         N/A       67%         1
 Cigotuvi's Dreadful Rot  Necr/Alch/Air  0%         N/A       80%         2
 Ensorcelled Hibernation  Hex/Ice        0%         N/A       80%         2
 Mercury Vapours          Alch/Air       0%         N/A       80%         2
 Confusing Touch          Hex            0%         N/A       95%         3
 Frozen Ramparts          Ice            0%         1d1       95%         3
 Fugue of the Fallen      Necr           0%         N/A       95%         3
 Gell's Gravitas          Tloc           0%         N/A       95%         3
 Inner Flame              Hex/Fire       0%         N/A       95%         3
 Mephitic Cloud           Conj/Alch/Air  0%         N/A       95%         3
 Sigil of Binding         Hex            0%         N/A       95%         3
 Teleport Other           Tloc           0%         N/A       95%         3
 Vampiric Draining        Necr           0%         2d6       95%         3
 Anguish                  Hex/Necr       0%         N/A       100%        4
 Dispel Undead            Necr           0%         3d6       100%        4
 Flame Wave               Conj/Fire      0%         2d4       100%        4
 Ignite Poison            Fire/Alch      0%         N/A       100%        4
 Leda's Liquefaction      Alch/Erth      0%         N/A       100%        4
 Olgreb's Toxic Radiance  Alch           0%         N/A       100%        4
 Passage of Golubria      Tloc           0%         N/A       100%        4
 Petrify                  Alch/Erth      0%         N/A       100%        4
 Sticky Flame             Fire/Alch      0%         2d4       100%        4
 Alistair's Intoxication  Alch           0%         N/A       100%        5
 Borgnjor's Vile Clutch   Necr/Erth      0%         N/A       100%        5
 Freezing Cloud           Conj/Ice/Air   0%         6-21      100%        5
 Irradiate                Conj/Alch      0%         3d11      100%        5
 Metabolic Englaciation   Hex/Ice        0%         N/A       100%        5
 Silence                  Hex/Air        0%         N/A       100%        5
 Dispersal                Tloc           0%         N/A       100%        6
 Eringya's Noxious Bog    Alch           0%         4d6       100%        6
 Plasma Beam              Fire/Air       0%         2x1d10    100%        6
 Starburst                Conj/Fire      0%         6d3       100%        6
 Ozocubu's Refrigeration  Ice            0%         4d7       100%        7
 Discord                  Hex            0%         N/A       100%        8
 Lehudib's Crystal Spear  Conj/Erth      0%         10d2      100%        8


Dungeon Overview and Level Annotations

Branches:
Dungeon (15/15)            Temple (1/1) D:4            Lair (5/5) D:9
 Shoals (0/4) Lair:3       Spider (1/4) Lair:3        Slime (0/5) Lair:5
    Orc (2/2) D:12            Elf (0/3) Orc:2        Vaults (0/5) D:14
 Depths (0/4) D:15        Ossuary (visited)         Gauntlet (visited)

Altars:
Ashenzari
Cheibriados
Dithmenos
Elyvilon
Fedhas
Gozag
Hepliaklqana
Kikubaaqudgha
Makhleb
Nemelex Xobeh
Okawaru
Qazlal
Ru
Sif Muna
Trog
Uskayaw
Vehumet
Wu Jian
Xom
Yredelemnul
Zin
The Shining One

Shops:
Orc:2 *=*[

Annotations:
D:9 1 runed translucent door, nitefall's ghost, novice MiBe
Spider:1 1 transporter, Jano's ghost, adept TrFi


Innate Abilities, Weirdness & Mutations

You have a pair of horns on your head.
You reflexively headbutt those who attack you in melee.
Your natural rate of healing is unusually fast.
You occasionally lose the ability to read scrolls when taking damage.


Message History

The emperor scorpion simulacrum hits you!
The emperor scorpion simulacrum freezes you!!
The emperor scorpion simulacrum closely misses you.
The emperor scorpion simulacrum claws you but does no damage.
Your life force feels restored.
You slice the death scarab!!
The death scarab is almost destroyed.
You slash the emperor scorpion simulacrum!
You block the death scarab's attack.
You block the emperor scorpion simulacrum's attack.
The emperor scorpion simulacrum closely misses you.
The emperor scorpion simulacrum claws you.
The emperor scorpion simulacrum freezes you!!
You are too injured to fight recklessly!
Unknown command.
You are too injured to fight recklessly!
Unknown command.
You are too injured to fight recklessly!
Unknown command.
You are too injured to fight recklessly!
Unknown command.
Unknown command.
You are too injured to fight recklessly!
Unknown command.
You are too injured to fight recklessly!
Unknown command.
As you read the scroll of teleportation, it crumbles to dust.
You feel strangely unstable. The death scarab bites you!!
* * * LOW HITPOINT WARNING * * *
The death scarab drains your vigour!
You feel yourself slow down.
The death scarab draws strength from your injuries!
The spectral emperor scorpion hits you but does no damage.
The spectral emperor scorpion claws you but does no damage. x2
Jano's ghost mumbles some strange words.
Jano's ghost blinks!
The emperor scorpion simulacrum hits you!
* * * LOW HITPOINT WARNING * * *
You feel threatened and lose the ability to read scrolls!
The emperor scorpion simulacrum freezes you!!
You die...

#.......... ......#.....#
#.......... .....#.##(..
#...#############..#^.##..
#...#Z..........#.....# .)
#..[#..y........#....^# ..
#...#..###.###.$#.....####
#...#..#8#W#8#.(#......##.
#...#..B.......?#...#.....
#..©#...Z@○....!#©..#####.
##..#...Z†.....}#.........
#..#..#8#§#8#.[#..#####..
#..#..###.###..#..# #..
#..#..........y#..# ##..
#..#..........©#..# ##..#
#..#############..###...#
#.................##...##
#.................###..#.


You could see a spectral emperor scorpion, a death scarab, Jano's ghost and an
emperor scorpion simulacrum.

Vanquished Creatures
  Rupert (D:15)
  Gastronok (D:9)
  Aizul (Spider:1)
  An emperor scorpion (Spider:1)
  A frost giant (D:15)
  A ghost moth (Spider:1)
  The ghost of NigelTetley the Fighter, a journeyman DsGl of Okawaru (Orc:1)
  3 broodmothers (Spider:1)
  The ghost of YordlordTheGreat the Grappler, a journeyman TrCA of Ignis (Orc:1)
  A minotaur (Gauntlet)
  A fire dragon (D:15)
  A vault guard (D:14)
  4 hydras
  4 catoblepae
  Fannar (Lair:3)
  2 jorogumos (Spider:1)
  3 centaur warriors
  A two-headed ogre (Orc:1)
  3 boulder beetles
  A dancing weapon (D:14)
  5 death yaks (Lair:5)
  2 demonic crawlers (Spider:1)
  2 thrashing horrors (Gauntlet)
  A naga sharpshooter (D:15)
  Urug (D:12)
  A deep elf knight (D:15)
  2 sun demons (D:15)
  Nergalle (D:12)
  Amaemon (D:8)
  2 pharaoh ants (Spider:1)
  A sixfirhy (D:15)
  A salamander mystic (D:15)
  2 skysharks (Lair:2)
  A fire crab (D:15)
  An orb spider (Spider:1)
  4 skeletal warriors (D:14)
  A sun moth (Spider:1)
  3 arcanists (D:15)
  A spectral wolf spider (Spider:1)
  An obsidian statue (D:11)
  An orc knight (Orc:2)
  A lindwurm (Lair:4)
  A phantasmal warrior (Lair:5)
  A steelbarb worm (Spider:1)
  2 deep elf zephyrmancers (D:15)
  4 ugly things
  Pikel (D:7)
  A harpy (Lair:3)
  5 deep elf pyromancers (D:15)
  2 cyclopes (D:13)
  2 orc sorcerers
  A wolf spider (Spider:1)
  Maurice (D:9)
  5 salamanders (D:15)
  A meliai (Lair:3)
  2 moths of wrath (Spider:1)
  A worldbinder (Gauntlet)
  Joseph (D:7)
  5 manticores
  5 gargoyles
  2 kobold blastminers (Orc:2)
  An ice statue (D:11)
  2 rust devils (D:15)
  A molten gargoyle (D:15)
  2 torpor snails
  An orange demon (D:8)
  4 cane toads
  2 black mambas (Lair:2)
  2 efreet
  A kobold demonologist (D:12)
  8 rime drakes
  Maggie (D:9)
  2 unseen horrors (D:12)
  5 yaktaurs (D:15)
  A freezing wraith (D:15)
  9 komodo dragons
  A wind drake (shapeshifter) (D:15)
  2 trolls
  A wind drake (D:15)
  6 hornets
  5 polar bears
  A queen bee (shapeshifter) (D:13)
  2 dream sheep (Lair:5)
  2 wolf spider simulacra (Spider:1)
  11 tarantellas (Spider:1)
  Prince Ribbit (D:5)
  4 slime creatures (D:13)
  15 blink frogs
  14 spriggans (Lair:5)
  2 vampires
  An air elemental (D:15)
  A jumping spider (Spider:1)
  5 culicivoras (Spider:1)
  2 water elementals (D:15)
  2 small abominations (Gauntlet)
  2 wraiths
  23 yaks
  5 wyverns
  2 basilisks
  7 redbacks (Spider:1)
  A human (Lair:5)
  28 vampire mosquitoes
  A steam dragon (D:7)
  Grum (Lair:1)
  A warg (Orc:1)
  An acid dragon (D:11)
  A spectral entropy weaver (Spider:1)
  15 water moccasins
  2 meliai simulacra (D:15)
  A sky beast (D:7)
  2 ice beasts (D:6)
  4 laughing skulls
  34 orc warriors
  5 black bears
  7 boggarts
  3 ogres
  11 centaurs
  40 wolves
  A lemure (D:7)
  3 kobold brigands
  A phantom (D:4)
  17 bullfrogs
  An entropy weaver simulacrum (Spider:1)
  3 scorpions
  23 wights
  10 killer bees
  9 howler monkeys
  A bombardier beetle (D:7)
  6 bullfrog zombies (Ossuary)
  18 orc priests
  5 jellies
  3 gnoll boudas
  9 hounds
  3 mummies (Ossuary)
  3 sleepcaps
  An iguana (D:7)
  17 orc wizards
  Terence (D:2)
  10 hell rats
  A killer bee zombie (Ossuary)
  3 crocodile zombies (Ossuary)
  5 hound zombies (Ossuary)
  4 howler monkey zombies (Ossuary)
  13 gnolls
  6 adders
  8 river rats (Lair:2)
  2 shadow imps
  3 white imps
  2 ufetubi (D:6)
  2 dart slugs
  2 ribbon worms (D:2)
  74 orcs
  6 endoplasms
  A giant cockroach (D:1)
  9 goblins
  12 hobgoblins
  6 jackals (D:5)
  16 kobolds
  5 quokkas
  6 ball pythons
  3 ball python zombies (Ossuary)
  5 bats
  5 frilled lizards
  8 rats
781 creatures vanquished.

Notes
Turn   | Place    | Note
-------+----------+-------------------------------------------
     0 | D:1      | nfkdngbenrn the Minotaur Fighter began the quest for the
                  | Orb.
     0 | D:1      | Reached XP level 1. HP: 19/19 MP: 0/0
   199 | D:1      | Reached XP level 2. HP: 27/27 MP: 1/1
   735 | D:2      | Noticed Terence
   742 | D:2      | Killed Terence
   743 | D:2      | Reached skill level 1 in Dodging
   743 | D:2      | Reached XP level 3. HP: 23/33 MP: 2/2
   843 | D:2      | Found a faded altar of an unknown god.
   852 | D:2      | Reached XP level 4. HP: 40/40 MP: 3/3
  1215 | D:3      | Reached XP level 5. HP: 16/47 MP: 2/4
  1712 | D:3      | Noticed an ogre
  1719 | D:3      | Killed an ogre
  1720 | D:3      | Reached XP level 6. HP: 55/55 MP: 5/5
  1781 | D:4      | Reached skill level 5 in Fighting
  1781 | D:4      | Reached skill level 5 in Armour
  1782 | D:4      | Reached skill level 5 in Shields
  1819 | D:4      | Reached XP level 7. HP: 43/61 MP: 4/6
  1967 | D:4      | Identified a scroll of acquirement
  1967 | D:4      | Acquired 753 gold pieces
  2132 | D:4      | Found a glowing golden altar of the Shining One.
  2188 | D:4      | Found a burning altar of Makhleb.
  2224 | D:4      | Found a staircase to the Ecumenical Temple.
  2233 | Temple   | Entered the Ecumenical Temple
  2368 | D:4      | Reached skill level 5 in Axes
  2420 | D:4      | Acquired 962 gold pieces
  2627 | D:5      | Entered Level 5 of the Dungeon
  3090 | D:5      | Noticed Prince Ribbit
  3098 | D:5      | Killed Prince Ribbit
  3222 | D:5      | Reached XP level 8. HP: 61/70 MP: 7/7
  3732 | D:6      | Reached skill level 5 in Dodging
  4101 | D:6      | Reached XP level 9. HP: 66/79 MP: 6/8
  4115 | D:6      | Found the +7 staff of the Meek {protect, meekguard}
  4516 | D:6      | Identified the +2 chain mail of the Apprentice {rF+ rC+
                  | Int-5 Dex+5}
  4911 | D:7      | Found a sand-covered staircase.
  4949 | Ossuary  | Entered an ossuary
  5205 | Ossuary  | Found the ring of Shadows {Umbra +Inv Stlth+}
  5378 | D:7      | Found an iron altar of Okawaru.
  5379 | D:7      | Noticed Joseph
  5396 | D:7      | Killed Joseph
  5958 | D:7      | Noticed Pikel
  5973 | D:7      | Killed Pikel
  5974 | D:7      | Reached XP level 10. HP: 85/90 MP: 7/9
  6889 | D:8      | Found an ancient bone altar of Kikubaaqudgha.
  6929 | D:8      | Found a glowing silver altar of Zin.
  7111 | D:8      | Found a shadowy altar of Dithmenos.
  7291 | D:8      | Noticed Amaemon
  7291 | D:8      | Noticed an orange demon
  7316 | D:8      | Killed Amaemon
  7326 | D:8      | Killed an orange demon
  7663 | D:9      | Gained mutation: You are weak. (Str -2) [potion of
                  | mutation]
  7663 | D:9      | Gained mutation: You have sharp fingernails. [potion of
                  | mutation]
  7664 | D:9      | Lost mutation: You have sharp fingernails. [potion of
                  | mutation]
  7664 | D:9      | Lost mutation: You are weak. (Str -2) [potion of mutation]
  7664 | D:9      | Gained mutation: You occasionally lose the ability to read
                  | scrolls when taking damage. [potion of mutation]
  7664 | D:9      | Gained mutation: Your movements are slightly less
                  | encumbered by armour. (ER -2) [potion of mutation]
  7664 | D:9      | Gained mutation: You have a pair of large horns on your
                  | head. [potion of mutation]
  7669 | D:9      | Found a staircase to the Lair.
  7678 | D:9      | Noticed Maggie
  7686 | D:9      | Killed Maggie
  7769 | D:7      | Became a worshipper of Warmaster Okawaru
  7944 | D:9      | Noticed Gastronok
  7955 | D:9      | Killed Gastronok
  7955 | D:9      | Reached * piety under Okawaru
  7956 | D:9      | Reached XP level 11. HP: 88/99 MP: 8/10
  8093 | D:9      | Reached skill level 10 in Fighting
  8093 | D:9      | Reached skill level 10 in Armour
  8094 | D:9      | Reached skill level 10 in Shields
  8096 | D:9      | Reached ** piety under Okawaru
  8224 | D:9      | Found a runed translucent door.
  8224 | D:9      | Found a shimmering altar of Xom.
  8224 | D:9      | Noticed nitefall's ghost (novice MiBe)
  8224 | D:9      | Noticed a +1 war axe of chaos
  8331 | D:9      | Noticed Maurice
  8373 | D:9      | Killed Maurice
  8506 | D:9      | Identified the +7 war axe of Flawed Execution {venom, rN++
                  | Will+ MP+9}
  8833 | D:9      | Reached skill level 10 in Axes
  9652 | D:10     | Entered Level 10 of the Dungeon
 10048 | D:10     | Reached *** piety under Okawaru
 10385 | D:11     | Noticed an obsidian statue
 10419 | D:11     | Killed an obsidian statue
 10823 | D:11     | Lost mutation: You occasionally lose the ability to read
                  | scrolls when taking damage. [potion of mutation]
 10823 | D:11     | Lost mutation: You have a pair of large horns on your head.
                  | [potion of mutation]
 10823 | D:11     | Gained mutation: You are agile. (Dex +4, Str/Int -1)
                  | [potion of mutation]
 10823 | D:11     | Gained mutation: You are dopey. (Int -2) [potion of
                  | mutation]
 10823 | D:11     | Gained mutation: You occasionally lose the ability to read
                  | scrolls when taking damage. [potion of mutation]
 10823 | D:11     | Gained mutation: Your natural rate of healing is unusually
                  | fast. [potion of mutation]
 10883 | D:11     | Reached **** piety under Okawaru
 11279 | D:12     | Found a staircase to the Orcish Mines.
 11304 | D:12     | Noticed Nergalle
 11306 | D:12     | Noticed a red ugly thing
 11310 | D:12     | Killed Nergalle
 11314 | D:12     | Killed a red ugly thing
 11314 | D:12     | Reached ***** piety under Okawaru
 11315 | D:12     | Reached XP level 12. HP: 110/110 MP: 11/11
 11338 | D:12     | Noticed Urug
 11345 | D:12     | Killed Urug
 11444 | D:12     | Received a gift from Okawaru
 11777 | D:12     | Reached skill level 10 in Dodging
 12219 | D:13     | Noticed a centaur warrior
 12231 | D:13     | Killed a centaur warrior
 12275 | D:13     | Found a gate leading to a gauntlet.
 12286 | Gauntlet | Entered a Gauntlet
 12286 | Gauntlet | Found a transporter.
 12293 | Gauntlet | Found a transporter.
 12295 | Gauntlet | Found a transporter.
 12304 | Gauntlet | Found a runed translucent door.
 12306 | Gauntlet | Found a transporter.
 12308 | Gauntlet | Found a transporter.
 12314 | Gauntlet | Found a runed translucent gate.
 12314 | Gauntlet | Found a runed translucent gate.
 12317 | Gauntlet | Found a runed translucent gate.
 12317 | Gauntlet | Found a transporter.
 12333 | Gauntlet | Found a transporter.
 12345 | Gauntlet | Found a transporter.
 12353 | Gauntlet | Found a runed translucent door.
 12355 | Gauntlet | Noticed a death scarab
 12356 | Gauntlet | Noticed a death scarab
 12357 | Gauntlet | Found a transporter.
 12372 | Gauntlet | Found a transporter.
 12375 | Gauntlet | Noticed a catoblepas
 12385 | Gauntlet | Found a transporter.
 12387 | Gauntlet | Found a transporter.
 12424 | Gauntlet | Found a runed translucent door.
 12439 | Gauntlet | Found a transporter.
 12439 | Gauntlet | Found a transporter.
 12604 | Gauntlet | Received a gift from Okawaru
 12606 | Gauntlet | Killed a catoblepas
 12668 | Gauntlet | Noticed a minotaur
 12676 | Gauntlet | Killed a minotaur
 12679 | Gauntlet | Identified the staff of the Median {^Drain Str+4 Earth}
 12680 | Gauntlet | Got the Reference Book on Conflagrant Transmutation
 12776 | D:13     | Identified the +1 rapier of Uncomfortable Rashes {freeze,
                  | Str+3 Dex+6}
 12961 | D:13     | Identified the +9 falchion "Q" {vamp, rF++ rN++ Int-5}
 13209 | D:13     | Received a gift from Okawaru
 13511 | D:14     | Found a gate to the Vaults.
 13512 | D:14     | Noticed a vault guard
 13516 | D:14     | Reached XP level 13. HP: 101/119 MP: 12/12
 14123 | D:14     | Received a gift from Okawaru
 14644 | Lair:1   | Entered Level 1 of the Lair of Beasts
 14713 | Lair:1   | Noticed Grum
 14718 | Lair:1   | Killed Grum
 15584 | Lair:2   | Received a gift from Okawaru
 16209 | Lair:3   | Found a hole to the Spider Nest.
 16354 | Lair:3   | Received a gift from Okawaru
 16497 | Lair:3   | Found a staircase to the Shoals.
 16653 | Lair:3   | Noticed Fannar
 16660 | Lair:3   | Killed Fannar
 17095 | Lair:4   | Reached XP level 14. HP: 87/130 MP: 13/13
 17199 | Lair:4   | Reached ****** piety under Okawaru
 17270 | Lair:4   | Received a gift from Okawaru
 17923 | Lair:5   | Entered Level 5 of the Lair of Beasts
 18145 | Lair:5   | Received a gift from Okawaru
 18347 | Lair:5   | Got an earthy gem with 64 turns to spare
 18348 | Lair:5   | Identified the +2 whip of the Ecumenical Temple {flame,
                  | Dex+5}
 18351 | Lair:5   | Identified the +5 rapier of Xoha {freeze, rPois}
 18474 | Lair:5   | Received a gift from Okawaru
 18784 | Lair:5   | Found a staircase to the Slime Pits.
 18913 | Lair:5   | Found a runed translucent door.
 19394 | Orc:1    | Entered Level 1 of the Orcish Mines
 19558 | Orc:1    | Found a runed translucent gate.
 19558 | Orc:1    | Found a runed translucent gate.
 19559 | Orc:1    | Found a runed translucent gate.
 19560 | Orc:1    | Noticed NigelTetley's ghost (journeyman DsGl)
 19561 | Orc:1    | Noticed YordlordTheGreat's ghost (journeyman TrCA)
 19590 | Orc:1    | Killed YordlordTheGreat's ghost
 19604 | Orc:1    | Killed NigelTetley's ghost
 19620 | Orc:1    | Lost mutation: You are dopey. (Int -2) [potion of mutation]
 19620 | Orc:1    | Lost mutation: Your movements are slightly less encumbered
                  | by armour. (ER -2) [potion of mutation]
 19620 | Orc:1    | Lost mutation: You are agile. (Dex +4, Str/Int -1) [potion
                  | of mutation]
 19635 | Orc:2    | Entered Level 2 of the Orcish Mines
 19866 | Orc:1    | Received a gift from Okawaru
 20299 | Orc:2    | Reached XP level 15. HP: 118/139 MP: 14/14
 20394 | Orc:2    | Found Jyivi's Assorted Antiques.
 20394 | Orc:2    | Found Yhoak's Jewellery Boutique.
 20396 | Orc:2    | Found Vepn's Assorted Antiques.
 20398 | Orc:2    | Found Leheb's Armour Shoppe.
 20501 | Orc:2    | Found a staircase to the Elven Halls.
 20839 | D:15     | Entered Level 15 of the Dungeon
 20912 | D:15     | Reached skill level 15 in Fighting
 20972 | D:15     | Reached skill level 15 in Armour
 21091 | D:15     | Received a gift from Okawaru
 21122 | D:15     | Reached skill level 15 in Shields
 21149 | D:15     | Found a staircase to the Depths.
 21295 | D:15     | Reached skill level 15 in Axes
 21435 | D:15     | Received a gift from Okawaru
 21664 | D:15     | Noticed Rupert
 21674 | D:15     | Killed Rupert
 21691 | D:15     | Noticed a frost giant
 21706 | D:15     | Killed a frost giant
 22410 | Spider:1 | Entered Level 1 of the Spider Nest
 22484 | Spider:1 | Received a gift from Okawaru
 22674 | Spider:1 | Identified the serpent talisman of Irifuzih {rC+ Will+}
 22674 | Spider:1 | Noticed Aizul
 22692 | Spider:1 | Killed Aizul
 23030 | Spider:1 | Noticed an emperor scorpion
 23053 | Spider:1 | Killed an emperor scorpion
 23122 | Spider:1 | Received a gift from Okawaru
 23137 | Spider:1 | Identified the +4 ring mail of the Beggar {rCorr Dex+3}
 23380 | Spider:1 | Reached XP level 16. HP: 144/151 MP: 15/15
 23448 | Spider:1 | Identified the +7 short sword "Afudetse" {vamp, Int+2}
 23524 | Spider:1 | Found a transporter.
 23525 | Spider:1 | Noticed Jano's ghost (adept TrFi)
 23601 | Spider:1 | Found a transporter.
 23642 | Spider:1 | Mangled by an emperor scorpion simulacrum

Illustrated notes

Levels and vault maps discovered:
D:1:      matt_arrival_los_fun, layout_loops_ring
D:2:      layout_rooms, dreamdust_ecumenical_altar_statues, uniq_terence
D:3:      layout_rooms
D:4:      layout_rooms, mainiacjoe_overflow_two_lobes,
          minmay_temple_entry_nine_rooms
D:5:      corexii_shack_village, layout_basic, chequers_hall_statues_wall_a,
          dreamdust_gnoll_farm, uniq_prince_ribbit1
D:6:      layout_layer_cave, pf_guarded_unrand_meek
D:7:      minmay_recursive_quarters, layout_loops_ring,
          okawaru_ov_weapons_minmay, nicolae_ossuary_entry_false_entrances,
          nicolae_titane, uniq_pikel, uniq_joseph
D:8:      layout_gridville, jmf_multi_god_temple, mainiacjoe_overflow_chevrons,
          uniq_amaemon
D:9:      minmay_inner_zag, layout_layer_cave, ebering_ghost_xom, uniq_maurice,
          uniq_gastronok, uniq_maggie
D:10:     layout_rooms, eino_tiny_chamber
D:11:     minmay_separated_statues, layout_long_grid
D:12:     layout_irregular_city, orc_0_dummy, uniq_nergalle, uniq_urug
D:13:     layout_grid_maze, gauntlet_entry_generic, minmay_misc_feat_cross
D:14:     layout_cave_pods, erik_vaults_1, minmay_misc_feat_rows,
          minmay_misc_feat_square
D:15:     hangedman_crystal_crosses_colossus [crystal_crosses_arms_four,
          crystal_crosses_arms_two, crystal_crosses_arms_one], uniq_rupert
Temple:   regret_index_temple_sphere_string
Lair:1:   layout_long_grid, uniq_grum
Lair:2:   layout_gridlike, kennysheep_abandoned_house, grunt_megastairs_2
Lair:3:   nzn_motion_control, layout_regular_city, nicolae_shoals_entry_roost,
          hellmonk_spider_entry_not_the_bees, uniq_fannar
Lair:4:   layout_small_grid, st_stairs_6
Lair:5:   minmay_lair_end_enchanted_forest, layout_layer_cave,
          dpeg_slime_entry_enclosed, st_stairs_7, pdpol_lair_cabin_in_the_woods
Spider:1: nicolae_spider_hilbert_zone_1 [nicolae_spider_hilbert_4_sides_1_open,
          nicolae_spider_hilbert_4_sides_1_open,
          nicolae_spider_hilbert_4_sides_1_open,
          nicolae_spider_hilbert_4_sides_1_open,
          nicolae_spider_hilbert_3_sides_1_open,
          nicolae_spider_hilbert_3_sides_1_open,
          nicolae_spider_hilbert_3_sides_1_open,
          nicolae_spider_hilbert_3_sides_1_open,
          nicolae_spider_hilbert_3_sides_1_open,
          nicolae_spider_hilbert_6_sides_1_open,
          nicolae_spider_hilbert_6_sides_1_open,
          nicolae_spider_hilbert_3_sides_1_open,
          nicolae_spider_hilbert_3_sides_1_open,
          nicolae_spider_hilbert_3_sides_1_open,
          nicolae_spider_hilbert_3_sides_1_open,
          nicolae_spider_hilbert_2_sides_1_open], gammafunk_ghost_mausoleum,
          nicolae_spider_wall_of_niches, uniq_aizul
Orc:1:    layout_diamond_mine, gammafunk_ghost_cemetery
Orc:2:    st_orc_rangers, layout_caves, basic_altar

Skill      XL: |  1  2  3  4  5  6  7  8  9 10 11 12 13 14 15 |
---------------+----------------------------------------------+-----
Fighting       | 4 5 6 7 8 9 11 12 13 14 16 | 16.1
Armour         | 4 5 6 7 8 9 11 12 13 14 16 | 16.1
Dodging        | 1 2 3 4 5 7 8 9 10 12 13 14 | 14.4
Shields        | 4 5 6 7 8 9 11 12 13 14 16 | 16.0
Axes           | 3 4 5 6 8 9 10 12 13 14 15 | 15.9

Action                     |  1- 3 |  4- 6 |  7- 9 | 10-12 | 13-15 | 16-18 || total
---------------------------+-------+-------+-------+-------+-------+-------++-------
  Melee: War axe           |    51 |    84 |   330 |   406 |   744 |    29 ||  1644
         Headbutt          |     5 |    17 |    60 |    81 |   244 |    10 ||   417
         Scimitar          |       |       |       |       |     4 |       ||     4
         Broad axe         |       |       |       |       |   235 |       ||   235
 Invoke: Heroism           |       |       |       |       |     4 |     1 ||     5
  Evoke: Wand              |       |       |       |     3 |     1 |       ||     4
    Use: Scroll            |     4 |     7 |    11 |    10 |     6 |     1 ||    39
         Potion            |       |       |       |     9 |     6 |       ||    15
   Stab: Invisible         |       |       |       |     1 |       |       ||     1
 Armour: Scale mail        |    21 |       |       |       |       |       ||    21
         Ring mail         |    13 |    49 |   190 |   298 |   583 |    17 ||  1150
  Dodge: Dodged            |    24 |    50 |   160 |   228 |   449 |    23 ||   934
  Block: Buckler           |    15 |    18 |    65 |    69 |       |       ||   167
         Kite shield       |       |       |       |   104 |   590 |    36 ||   730

Table legend: (Time is in decaauts)
 A = Elapsed time spent in this place.
 B = Non-inter-level travel time spent in this place.
 C = Inter-level travel time spent in this place.
 D = Time resting spent in this place.
 E = Time spent auto-exploring this place.
 F = Levels seen in this place.
 G = Mean time per level.
                   A        B        C        D        E       F      G
               +--------+--------+--------+--------+--------+-----+--------+
         Total |  23737 |  22362 |   1375 |    396 |  17209 |  26 |  913.0 |
       Dungeon |  15646 |  14683 |    963 |    388 |  11447 |  15 | 1043.1 |
        Temple |      1 |      1 |      0 |      0 |      0 |   1 |    1.0 |
          Lair |   4723 |   4407 |    316 |      8 |   3552 |   5 |  944.6 |
   Spider Nest |   1209 |   1209 |      0 |      0 |    890 |   1 | 1209.0 |
  Orcish Mines |   1325 |   1231 |     94 |      0 |    884 |   2 |  662.5 |
       Ossuary |    434 |    434 |      0 |      0 |    222 |   1 |  434.0 |
      Gauntlet |    395 |    395 |      0 |      0 |    213 |   1 |  395.0 |
               +--------+--------+--------+--------+--------+-----+--------+

Top non-repeatable levels by time:
     D:9: 2023 daAuts
     D:8: 1325 daAuts
    D:15: 1303 daAuts
     D:6: 1281 daAuts
  Lair:5: 1265 daAuts
Spider:1: 1209 daAuts
    D:13: 1201 daAuts
     D:7: 1165 daAuts
    D:14: 1130 daAuts
     D:5: 979 daAuts
  Lair:4: 967 daAuts
  Lair:3: 927 daAuts
    D:12: 898 daAuts
    D:11: 882 daAuts
     D:4: 858 daAuts
